 Dungeon Crawl Stone Soup version 0.31.0-32-g396128a36d (webtiles) character file.

Game seed: 8905105299771396144

3920 Doomgape the Nimble (level 10, -27/77 HPs)
             Began as a Merfolk Shapeshifter on Mar 11, 2024.
             Was a Follower of Trog.
             Shot with an arrow by a centaur warrior (29 damage)
             ... on level 9 of the Dungeon on Mar 15, 2024.
             The game lasted 00:25:14 (5859 turns).

Doomgape the Nimble (Merfolk Shapeshifter)          Turns: 5859, Time: 00:25:15

Health: -27/77     AC:  3    Str: 19    XL:     10   Next: 20%
Magic:  10/10      EV: 16    Int: 10    God:    Trog [*.....]
Gold:   246        SH:  0    Dex: 13    Spells: 9/9 levels left

rFire   . .          .
                       - Unarmed
rCold   . . .        (no shield)
rNeg    . . .        a - +1 animal skin
rPois   .            (helmet currently unavailable)
rElec   .            (cloak currently unavailable)
rCorr   .            (gloves currently unavailable)
SInv    .            (boots currently unavailable)
Will    .....        (no amulet)
Stlth   +            j - +4 ring of slaying
HPRegen 0.32/turn    n - +4 ring of protection
MPRegen 0.12/turn

%: no passive effects
@: about to teleport, beast-form, corroded
A: beast (slay +4), (nimble swimmer 2), mertail
a: Begin Untransformation, Renounce Religion, Berserk


You were on level 9 of the Dungeon.
You worshipped Trog.
Trog was aware of your devotion.
You were a hulking beast.
You visited 2 branches of the dungeon, and saw 8 of its levels.
You also visited: Sewer.

You collected 246 gold pieces.

Inventory:

Missiles
 i - 4 javelins (quivered)
Armour
 a - a +1 animal skin (worn)
 B - a scarf of invisibility
Jewellery
 j - a +4 ring of slaying (left hand)
 m - a ring of resist corrosion
 n - a +4 ring of protection (right hand)
 x - a +4 ring of slaying
 y - a ring of fire
 A - a ring of poison resistance
Talismans
 c - a beast talisman
 d - a flux talisman
 q - a blade talisman
Wands
 f - a wand of polymorph (2)
 g - a wand of quicksilver (5)
 p - a wand of flame (7)
 z - a wand of digging (6)
Scrolls
 e - 4 scrolls of identify
 l - 3 scrolls of immolation
 o - 2 scrolls of revelation
 w - 3 scrolls of teleportation
Potions
 b - 2 potions of lignification
 h - a potion of curing
 k - a potion of ambrosia
 r - a potion of magic {unknown}
 s - a potion of resistance {unknown}
 t - a potion of brilliance {unknown}
 u - a potion of haste {unknown}
 v - 2 potions of might


   Skills:
 - Level 6.8 Fighting
 + Level 10.2 Dodging
 + Level 8.9 Unarmed Combat
 + Level 9.9 Shapeshifting


You had 9 spell levels left.
You didn't know any spells.
Your spell library contained the following spells:

 Spells                   Type           Power      Damage    Failure   Level
 Kiss of Death            Conj/Necr      0%         2d5       36%         1
 Shock                    Conj/Air       0%         1d3       36%         1
 Slow                     Hex            0%         N/A       36%         1
 Confusing Touch          Hex            0%         N/A       75%         3
 Hailstorm                Conj/Ice       0%         3d5       75%         3
 Sigil of Binding         Hex            0%         N/A       75%         3
 Summon Ice Beast         Ice/Summ       0%         N/A       75%         3
 Swiftness                Air            0%         N/A       75%         3
 Vampiric Draining        Necr           0%         2d6       75%         3
 Airstrike                Air            0%         2d(0-16)  98%         4
 Dispel Undead            Necr           0%         3d6       98%         4
 Sculpt Simulacrum        Ice/Alch       0%         N/A       100%        6


Dungeon Overview and Level Annotations

Branches:
Dungeon (9/15)             Temple (1/1) D:6           Sewer (visited)
   Lair: D:8-11         Orc: D:9-12

Altars:
Ashenzari
Dithmenos
Elyvilon
Fedhas
Hepliaklqana
Kikubaaqudgha
Makhleb
Nemelex Xobeh
Okawaru
Trog
Uskayaw
Vehumet
Wu Jian
Xom
Yredelemnul
Zin
The Shining One

Annotations:
D:8 2 transporters


Innate Abilities, Weirdness & Mutations

You are a hulking beast.
Your limbs bulge with bestial killing power. (Slay +4)
((You are very nimble when in or above water. (Stealth+, EV+, Speed+++)))
Your lower body shifts to a powerful aquatic tail in water.


Message History

Found a plate armour and 29 gold pieces.
An orc wizard comes into view. It is wielding a +0 dagger.
The brown ugly thing moves out of view.
An orc wizard comes into view. It is wielding a +0 dagger.
The brown ugly thing gurgles horribly!
The orc wizard shouts!
You hear a bellow!
You hear a roar!
A wyvern comes into view.
The orc wizard casts a spell.
The orc wizard flickers and vanishes!
Deactivating autopickup; reactivate with Ctrl-A.
You hear a howl!
The centaur warrior wields a +0 shortbow.
The centaur warrior shoots an arrow.
The arrow hits you!
The orc wizard points at you and mumbles some strange words.
The puff of flame hits you!
The centaur warrior shoots an arrow.
The arrow barely misses you.
The centaur warrior shoots an arrow.
Reactivating autopickup.
You hear an angry buzzing noise.
Unknown command.
You start resting.
A brown ugly thing is nearby!
You hit the brown ugly thing.
The brown ugly thing is lightly wounded.
The brown ugly thing claws you!
You are splashed with acid.
The brown ugly thing attacks as it pursues you!
The brown ugly thing claws you but does no damage.
The brown ugly thing attacks as it pursues you!
The brown ugly thing claws you!
You are splashed with acid!
* * * LOW HITPOINT WARNING * * *
Okay, then.
Okay, then.
As you read the scroll of teleportation, it crumbles to dust.
You feel strangely unstable. The brown ugly thing claws you!
* * * LOW HITPOINT WARNING * * *
The acid corrodes you!
You are splashed with acid!
* * * LOW HITPOINT WARNING * * *
Unknown command.
The centaur warrior shoots an arrow.
The arrow hits you!!
You die...

#...#..o#.# #.. .......u..# #..#
#######..## #..# #..# #..# #..#
#..###############o.######
######................o.........
................(.u..c..........
................h...............
...........#############.#######
...........# #.# ...........#
#.# ...........# #.#
...........####### ..
..................
.....<..:....<....
.................#


You could see a brown ugly thing, a centaur warrior and 2 orc wizards.

Vanquished Creatures
  A lindwurm (D:8)
  Joseph (D:8)
  Grinder (Sewer)
  A wyvern (D:8)
  A steam dragon (D:7)
  2 water moccasins
  2 ice beasts
  A sky beast (D:6)
  2 orc warriors
  A black bear (D:7)
  2 centaurs
  A phantom (Sewer)
  2 kobold brigands (Sewer)
  2 bullfrogs
  4 scorpions (D:6)
  5 wights
  4 killer bees (D:7)
  3 howler monkeys
  A hound (D:6)
  4 orc priests
  2 jellies (D:7)
  3 iguanas (D:6)
  8 orc wizards
  3 adders
  3 shadow imps (Sewer)
  2 ufetubi (D:6)
  2 dart slugs (D:1)
  12 orcs
  5 endoplasms
  5 giant cockroaches
  8 goblins
  9 hobgoblins
  6 jackals
  16 kobolds
  2 quokkas (D:2)
  4 ball pythons
  4 bats
  4 frilled lizards
  2 kobold zombies (Sewer)
  4 rats
145 creatures vanquished.

Vanquished Creatures (others)
  An orc wizard (D:9)
1 creature vanquished.

Grand Total: 146 creatures vanquished

Notes
Turn   | Place    | Note
-------+----------+-------------------------------------------
     0 | D:1      | Doomgape the Merfolk Shapeshifter began the quest for the
                  | Orb.
     0 | D:1      | Reached XP level 1. HP: 15/15 MP: 1/1
    75 | D:1      | Reached skill level 3 in Dodging
    75 | D:1      | Reached XP level 2. HP: 21/21 MP: 2/2
   254 | D:1      | Reached XP level 3. HP: 25/27 MP: 3/3
  1061 | D:2      | Reached XP level 4. HP: 33/33 MP: 4/4
  1652 | D:2      | Found a faded altar of an unknown god.
  1788 | D:3      | You fall into a shaft and drop 3 floors!
  1788 | D:6      | Found a glowing drain.
  1797 | D:6      | Reached skill level 4 in Dodging
  1842 | Sewer    | Entered a sewer
  1867 | Sewer    | Reached XP level 5. HP: 39/39 MP: 5/5
  1974 | Sewer    | Found an ancient bone altar of Kikubaaqudgha.
  1974 | Sewer    | Noticed a kobold brigand
  1998 | Sewer    | Killed a kobold brigand
  1999 | Sewer    | Reached skill level 5 in Shapeshifting
  2070 | Sewer    | Noticed a phantom
  2088 | Sewer    | Killed a phantom
  2089 | Sewer    | Reached XP level 6. HP: 41/47 MP: 6/6
  2134 | Sewer    | Noticed Grinder
  2140 | Sewer    | Paralysed by Grinder for 2 turns
  2163 | Sewer    | Killed Grinder
  2164 | Sewer    | Reached skill level 5 in Dodging
  2164 | Sewer    | Reached skill level 5 in Unarmed Combat
  2164 | Sewer    | Reached XP level 7. HP: 29/53 MP: 7/7
  2460 | D:6      | Reached skill level 6 in Dodging
  2741 | D:6      | Reached XP level 8. HP: 45/61 MP: 8/8
  2925 | D:6      | Reached skill level 5 in Fighting
  2954 | D:6      | Found an iron altar of Okawaru.
  2991 | D:6      | Found a sparkling altar of Nemelex Xobeh.
  3092 | D:6      | Found a staircase to the Ecumenical Temple.
  3168 | Temple   | Entered the Ecumenical Temple
  3256 | Temple   | Became a worshipper of Trog the Wrathful
  3271 | D:6      | Found a shimmering altar of Xom.
  3285 | D:6      | Reached skill level 7 in Dodging
  4039 | D:7      | Found a hazy altar of Hepliaklqana.
  4078 | D:7      | Reached XP level 9. HP: 51/69 MP: 9/9
  4182 | D:7      | Found a glowing silver altar of Zin.
  4193 | D:7      | HP: 3/69 [killer bee (7)]
  4198 | D:7      | Reached skill level 8 in Dodging
  4209 | D:7      | HP: 1/71 [orc/+0 dagger (3)]
  4212 | D:7      | Reached * piety under Trog
  4703 | D:8      | Noticed Joseph
  4985 | D:8      | Noticed a two-headed ogre
  4992 | D:8      | a two-headed ogre changed into a lindwurm
  4992 | D:8      | Noticed a lindwurm
  4999 | D:8      | Killed a lindwurm
  5000 | D:8      | Reached skill level 9 in Dodging
  5121 | D:8      | Found a transporter.
  5131 | D:8      | Found a transporter.
  5140 | D:8      | Killed Joseph
  5141 | D:8      | Reached XP level 10. HP: 5/77 MP: 10/10
  5145 | D:8      | Noticed a flayed ghost
  5438 | D:8      | Found an ancient bone altar of Kikubaaqudgha.
  5509 | D:8      | Reached skill level 10 in Dodging
  5556 | D:8      | Found a basalt altar of Yredelemnul.
  5841 | D:9      | Noticed a centaur warrior
  5842 | D:9      | Noticed a brown ugly thing
  5858 | D:9      | HP: 2/77 [acid (10)]
  5859 | D:9      | Shot with an arrow by a centaur warrior

Illustrated notes

Levels and vault maps discovered:
D:1:      minmay_arrival_jagged, layout_basic, kennysheep_small_spiral,
          minmay_pentomino_v2
D:2:      layout_loops_ring, shapermc_ecumenical_altar_petra
D:3:      layout_loops_ring, mainiacjoe_overflow_tiny_flanked,
          marbit_many_paths, uniq_crazy_yiuf_cottage
D:6:      layout_loops_ring, overflow_temple_1_default, amcnicky_altar_gilded,
          nemelex_spade_bored_becter, minmay_temple_entry_proselytizer,
          mainiacjoe_sewer_entry_somewhere_in_here_2
D:7:      layout_gridville, mainiacjoe_overflow_small_starburst,
          nicolae_overflow_hidden_temple
D:8:      layout_rooms, gammafunk_temple_of_torment, uniq_joseph
D:9:      cheibrodos_fzero, layout_long_grid, disabler_island
Temple:   eino_wide_crystal_templ

Skill      XL: |  1  2  3  4  5  6  7  8  9 10 |
---------------+-------------------------------+-----
Dodging        | 3 4 5 6 7 9 10 | 10.2
Fighting       | 2 3 4 6 |  6.8
Unarmed Combat | 4 5 6 8 |  8.9
Shapeshifting  | 5 6 7 9 |  9.9

Action                     |  1- 3 |  4- 6 |  7- 9 | 10-12 || total
---------------------------+-------+-------+-------+-------++-------
  Melee: Unarmed           |   128 |    74 |   207 |    33 ||   442
         Punch             |     3 |     1 |     9 |     1 ||    14
         Tailslap          |       |     1 |       |       ||     1
  Evoke: Wand              |       |       |     6 |       ||     6
    Use: Scroll            |     4 |     3 |     6 |     3 ||    16
         Potion            |       |     1 |     8 |       ||     9
   Stab: Sleeping          |     1 |     1 |     1 |       ||     3
 Armour: Animal skin       |    60 |    38 |   164 |    25 ||   287
  Dodge: Dodged            |    73 |    40 |   221 |    30 ||   364
